WCHLSIM.com - West Coast Hockey League
html PUBLIC "-//W3C//DTD XHTML 1.0 Transitional//EN" "http://www.w3.org/TR/xhtml1/DTD/xhtml1-transitional.dtd"> WCHL - Game 895 - PHOENIX MUSTANGS vs LAS VEGAS LIZARD KINGS

PHOENIX MUSTANGS vs LAS VEGAS LIZARD KINGS

Created - 31 mars 2021 at 22:06

Goals
1 2 3 T
PHOENIX MUSTANGS 0 1 0 1
LAS VEGAS LIZARD KINGS 0 3 0 3
Shots
1 2 3 T
PHOENIX MUSTANGS 12 11 7 30
LAS VEGAS LIZARD KINGS 10 10 6 26

1st period

No Goal

Penalties :
Brayden McNabb (LVG) for Interference (Minor) at 2:22

2nd period

1. PHOENIX MUSTANGS , T.J. Oshie 27 (Christian Dvorak 22) at 7:11 (PP)
2. LAS VEGAS LIZARD KINGS , Jeff Skinner 5 (John Marino 6, Derek Ryan 10) at 14:00
3. LAS VEGAS LIZARD KINGS , Jeff Skinner 6 (Mirco Mueller 1, Derek Ryan 11) at 15:55
4. LAS VEGAS LIZARD KINGS , Nino Niederreiter 14 (Barclay Goodrow 28, Sean Monahan 38) at 19:52

Penalties :
Matt Roy (LVG) for Tripping (Minor) at 2:34, Brayden McNabb (LVG) for Slashing (Minor) at 7:09, Fredrik Claesson (PHX) for Slashing (Minor) at 9:15, Barclay Goodrow (LVG) for Hooking (Minor) at 16:12

3rd period

No Goal

Penalties :
Scott Harrington (PHX) for Tripping (Minor) at 5:46, Victor Olofsson (LVG) for Hooking (Minor) at 9:58, T.J. Oshie (PHX) for High sticking (Minor) at 19:21

Goalie Stats

Garret Sparks (PHX), 23 saves from 26 shots - (0,885), L, 1-1-0, 60:00 minutes
Marc-Andre Fleury (LVG), 29 saves from 30 shots - (0,967), W, 24-18-4, 60:00 minutes

Players Stats for PHOENIX MUSTANGS

Player Name              G  A  P  +/- PIM S  H  SB GA TA FO     MP     PP MP  PK MP  
------------------------------------------------------------------------------------
Alexander Steen          0  0  0  -2  0   0  0  1  0  0  0/0    20:22   2:41   0:31 
Andrew Copp              0  0  0   0  0   2  0  0  0  0  16/25  16:23   0:00   0:00 
Calvin De Haan           0  0  0  -2  0   1  3  3  0  0  0/0    22:12   3:25   2:35 
Christian Dvorak         0  1  1  -1  0   2  3  0  0  0  12/24  18:42   5:17   2:11 
Clayton Keller           0  0  0  -1  0   1  0  0  0  0  0/1    13:53   0:00   0:00 
David Backes             0  0  0  -1  0   0  2  0  0  0  1/5     5:56   0:00   0:00 
Frederic Allard          0  0  0  -2  0   0  0  0  0  0  0/0    21:14   3:23   2:37 
Fredrik Claesson         0  0  0   0  2   0  0  1  0  0  0/0    20:14   4:33   1:23 
Jay Bouwmeester          0  0  0  -1  0   0  0  0  0  0  0/0    24:11   4:33   1:50 
Jesper Fast              0  0  0  -1  0   3  2  0  0  0  0/1    18:59   2:41   2:25 
Jordan Greenway          0  0  0  -1  0   2  0  1  0  0  0/1    11:14   0:00   0:00 
Joshua Jacobs            0  0  0   0  0   0  5  0  0  0  0/0    15:53   0:02   0:47 
Kevin Hayes              0  0  0  -1  0   5  1  3  0  0  13/25  18:45   2:41   2:11 
Nicholas Shore           0  0  0  -1  0   0  0  0  0  0  0/0     5:56   0:00   0:00 
Nicklas Backstrom        0  0  0   0  0   0  0  0  0  0  0/0     0:05   0:00   0:00 
Scott Harrington         0  0  0  -1  2   0  4  0  0  0  0/0    16:09   0:00   0:00 
T.J. Oshie               1  0  1   0  2   7  1  0  0  0  1/1    21:39   5:17   0:00 
Teuvo Teravainen         0  0  0   0  0   7  0  0  0  0  1/6    23:34   5:17   1:54 

Players Stats for LAS VEGAS LIZARD KINGS

Player Name              G  A  P  +/- PIM S  H  SB GA TA FO     MP     PP MP  PK MP  
------------------------------------------------------------------------------------
Barclay Goodrow          0  1  1   1  2   2  3  0  0  0  6/9    21:44   2:12   3:47 
Bobby Ryan               0  0  0   0  0   1  0  0  0  0  1/5     6:28   0:00   3:08 
Brayden McNabb           0  0  0   0  4   3  0  1  0  0  0/0    22:35   0:09   3:22 
Derek Ryan               0  2  2   2  0   1  0  0  0  0  11/16  11:29   0:00   0:47 
Drake Caggiula           0  0  0   2  0   0  3  0  0  0  0/0    10:42   0:00   0:00 
Evan Rodrigues           0  0  0   0  0   1  0  0  0  0  0/0     3:20   0:00   0:00 
Jeff Skinner             2  0  2   2  0   6  0  0  0  0  0/0    12:54   2:12   0:00 
John Marino              0  1  1   2  0   0  0  1  0  0  0/0    23:03   2:41   3:04 
Johnny Gaudreau          0  0  0   0  0   1  2  0  0  0  1/3    20:10   2:32   0:00 
Matt Niskanen            0  0  0   0  0   1  2  0  0  0  0/0    22:37   1:55   0:47 
Matt Roy                 0  0  0   1  2   0  0  0  0  0  0/0    12:56   1:55   0:00 
Mirco Mueller            0  1  1   1  0   0  2  2  0  0  0/0    14:51   0:00   3:49 
Nino Niederreiter        1  0  1   1  0   3  1  0  0  0  1/4    23:03   2:12   5:05 
Olli Maatta              0  0  0   2  0   0  1  1  0  0  0/0    21:23   0:00   4:54 
Ryan Nugent-Hopkins      0  0  0   0  0   5  0  0  0  0  10/21  20:02   2:24   0:00 
Sean Monahan             0  1  1   1  0   1  0  1  0  0  13/25  19:15   2:24   1:05 
Victor Olofsson          0  0  0   0  2   1  0  0  0  0  1/3    20:01   2:24   0:00 
Zemgus Girgensons        0  0  0   0  0   0  2  0  0  0  1/3     5:24   0:00   2:04 

3 Stars

1 - Jeff Skinner (LVG)
2 - Marc-Andre Fleury (LVG)
3 - Derek Ryan (LVG)

Power Play

PHOENIX MUSTANGS - 1 on 5 Attempt(s) - 20,00%
LAS VEGAS LIZARD KINGS - 0 on 3 Attempt(s) - 0,00%

Penalty Kill

PHOENIX MUSTANGS - 3 on 3 Attempt(s) - 100,00% - Score 0 goal in Penalty Kill
LAS VEGAS LIZARD KINGS - 4 on 5 Attempt(s) - 80,00% - Score 0 goal in Penalty Kill

Team Stat

PHOENIX MUSTANGS - Hits : 21 - Faceoff Wins : 44 - Blocked Shots : 9 - Penalty Minutes : 6
LAS VEGAS LIZARD KINGS - Hits : 16 - Faceoff Wins : 45 - Blocked Shots : 6 - Penalty Minutes : 10

Official

Referees : Pierre Lambert and Mike Duco
Linesman : Vaughan Rody and Travis Gawryletz

Game Notes

No Game Note

Finance

Level 1 -- Attendance: 4063 (64,80%) -- Ticket Income 893 860 $
Level 2 -- Attendance: 3483 (65,47%) -- Ticket Income 522 450 $
Level 3 -- Attendance: 1395 (66,75%) -- Ticket Income 181 350 $
Level 4 -- Attendance: 2433 (56,32%) -- Ticket Income 243 300 $
Luxury Box -- Attendance: 642 (64,20%) -- Ticket Income 256 800 $
Game was played at the Casino Square Garden.
Total Attendance: 12016 (63,24%)
Total Ticket Income: 2 097 760 $
Other Expense: 20 978 $
Total Income: 2 076 782 $

PHOENIX MUSTANGS

5 vs 5 Forward 
   Center                   Left Wing                Right Wing               Time % Phy DF OF 
 1 Andrew Copp              Teuvo Teravainen         T.J. Oshie               36     1   2  2  
 2 Kevin Hayes              Clayton Keller           Jesper Fast              31     1   2  2  
 3 Christian Dvorak         Alexander Steen          Jordan Greenway          25     1   2  2  
 4 David Backes             Alexander Steen          Nicholas Shore           8      1   2  2  

5 vs 5 Defense 
   Defense                  Defense                                           Time % Phy DF OF 
 1 Jay Bouwmeester          Scott Harrington                                  36     1   2  2  
 2 Frederic Allard          Calvin De Haan                                    31     1   2  2  
 3 Fredrik Claesson         Joshua Jacobs                                     23     1   2  2  
 4 Jay Bouwmeester          Calvin De Haan                                    10     1   2  2  

PowerPlay Forward 
   Center                   Left Wing                Right Wing               Time % Phy DF OF 
 1 Christian Dvorak         Teuvo Teravainen         T.J. Oshie               60     1   2  2  
 2 Kevin Hayes              Alexander Steen          Jesper Fast              40     1   2  2  

PowerPlay Defense
   Defense                  Defense                                           Time % Phy DF OF 
 1 Jay Bouwmeester          Fredrik Claesson                                  55     1   2  2  
 2 Calvin De Haan           Frederic Allard                                   45     1   2  2  

Penalty Kill 4 Players Forward 
   Center                   Wing                     Time % Phy DF OF 
 1 Teuvo Teravainen         Jesper Fast              55     1   2  2  
 2 Christian Dvorak         Kevin Hayes              45     1   2  2  

Penalty Kill 4 Players Defense
   Defense                  Defense                  Time % Phy DF OF 
 1 Jay Bouwmeester          Frederic Allard          55     1   2  2  
 2 Calvin De Haan           Fredrik Claesson         45     1   2  2  

Penalty Kill - 3 Players Forward 
   Forward                                           Time % Phy DF OF 
 1 Kevin Hayes                                       55     1   2  2  
 2 T.J. Oshie                                        45     1   2  2  

Penalty Kill - 3 Players Defense
   Defense                  Defense                  Time % Phy DF OF 
 1 Jay Bouwmeester          Fredrik Claesson         55     1   2  2  
 2 Calvin De Haan           Frederic Allard          45     1   2  2  

4 vs 4 Forward 
   Center                   Wing                     Time % Phy DF OF 
 1 Christian Dvorak         T.J. Oshie               55     1   2  2  
 2 Kevin Hayes              Teuvo Teravainen         45     1   2  2  

4 vs 4 Defense
   Defense                  Defense                  Time % Phy DF OF 
 1 Fredrik Claesson         Calvin De Haan           55     1   2  2  
 2 Jay Bouwmeester          Frederic Allard          45     1   2  2  

Last Minutes Offensive
   Center                   Left Wing                Right Wing               Defense                  Defense                  
   Kevin Hayes              Teuvo Teravainen         T.J. Oshie               Jay Bouwmeester          Scott Harrington         

Last Minutes Defensive
   Center                   Left Wing                Right Wing               Defense                  Defense                  
   Andrew Copp              Teuvo Teravainen         T.J. Oshie               Jay Bouwmeester          Scott Harrington         

Goaltenders
Starting : Garret Sparks            
Backup : Corey Crawford           

Extra Forwards
Normal : Teuvo Teravainen, Christian Dvorak, Alexander Steen - PP : Teuvo Teravainen, Christian Dvorak - PK : Alexander Steen
Extra Defensemen
Normal : Jay Bouwmeester, Fredrik Claesson, Frederic Allard - PP : Jay Bouwmeester - PK : Frederic Allard, Jay Bouwmeester
Penalty Shots
Teuvo Teravainen, T.J. Oshie, Christian Dvorak, Kevin Hayes, Jesper Fast
Custom OT Lines Forwards
Teuvo Teravainen, T.J. Oshie, Andrew Copp, Kevin Hayes, Jesper Fast, Christian Dvorak, Clayton Keller, Alexander Steen, Jordan Greenway, David Backes
Custom OT Lines Defensemen
Jay Bouwmeester, Calvin De Haan, Frederic Allard, Joshua Jacobs, Fredrik Claesson

Scratches
Dennis Cholowski (Right Forearm Injury), Jeremy Lauzon (Healthy), Chris Terry (Healthy), Joonas Korpisalo (Sprained Left Ankle Injury)

LAS VEGAS LIZARD KINGS

5 vs 5 Forward 
   Center                   Left Wing                Right Wing               Time % Phy DF OF 
 1 Ryan Nugent-Hopkins      Johnny Gaudreau          Victor Olofsson          40     0   1  4  
 2 Sean Monahan             Barclay Goodrow          Nino Niederreiter        35     0   2  3  
 3 Derek Ryan               Jeff Skinner             Drake Caggiula           20     0   3  2  
 4 Zemgus Girgensons        Bobby Ryan               Evan Rodrigues           5      0   4  1  

5 vs 5 Defense 
   Defense                  Defense                                           Time % Phy DF OF 
 1 Matt Niskanen            Brayden McNabb                                    45     0   2  3  
 2 Olli Maatta              John Marino                                       35     0   2  3  
 3 Matt Roy                 Mirco Mueller                                     20     1   2  2  
 4 Matt Niskanen            John Marino                                       0      1   2  2  

PowerPlay Forward 
   Center                   Left Wing                Right Wing               Time % Phy DF OF 
 1 Sean Monahan             Ryan Nugent-Hopkins      Victor Olofsson          80     0   0  5  
 2 Barclay Goodrow          Jeff Skinner             Nino Niederreiter        20     0   1  4  

PowerPlay Defense
   Defense                  Defense                                           Time % Phy DF OF 
 1 Johnny Gaudreau          John Marino                                       80     0   0  5  
 2 Matt Niskanen            Matt Roy                                          20     0   1  4  

Penalty Kill 4 Players Forward 
   Center                   Wing                     Time % Phy DF OF 
 1 Barclay Goodrow          Nino Niederreiter        70     0   5  0  
 2 Derek Ryan               Bobby Ryan               30     0   5  0  

Penalty Kill 4 Players Defense
   Defense                  Defense                  Time % Phy DF OF 
 1 Olli Maatta              Brayden McNabb           65     0   5  0  
 2 John Marino              Mirco Mueller            35     0   5  0  

Penalty Kill - 3 Players Forward 
   Forward                                           Time % Phy DF OF 
 1 Barclay Goodrow                                   55     1   4  0  
 2 Derek Ryan                                        45     1   4  0  

Penalty Kill - 3 Players Defense
   Defense                  Defense                  Time % Phy DF OF 
 1 Matt Roy                 Brayden McNabb           55     1   2  2  
 2 Olli Maatta              Mirco Mueller            45     1   2  2  

4 vs 4 Forward 
   Center                   Wing                     Time % Phy DF OF 
 1 Sean Monahan             Johnny Gaudreau          55     0   1  4  
 2 Ryan Nugent-Hopkins      Nino Niederreiter        45     0   3  2  

4 vs 4 Defense
   Defense                  Defense                  Time % Phy DF OF 
 1 Matt Niskanen            Brayden McNabb           55     1   2  2  
 2 Olli Maatta              John Marino              45     1   2  2  

Last Minutes Offensive
   Center                   Left Wing                Right Wing               Defense                  Defense                  
   Ryan Nugent-Hopkins      Johnny Gaudreau          Victor Olofsson          Matt Niskanen            John Marino              

Last Minutes Defensive
   Center                   Left Wing                Right Wing               Defense                  Defense                  
   Barclay Goodrow          Ryan Nugent-Hopkins      Nino Niederreiter        John Marino              Brayden McNabb           

Goaltenders
Starting : Marc-Andre Fleury        
Backup : Alex Stalock             

Extra Forwards
Normal : Ryan Nugent-Hopkins, Barclay Goodrow, Bobby Ryan - PP : Barclay Goodrow, Derek Ryan - PK : Bobby Ryan
Extra Defensemen
Normal : Matt Roy, Mirco Mueller, Olli Maatta - PP : Matt Roy - PK : Mirco Mueller, Olli Maatta
Penalty Shots
Johnny Gaudreau, Sean Monahan, Ryan Nugent-Hopkins, Victor Olofsson, Jeff Skinner
Custom OT Lines Forwards
Sean Monahan, Johnny Gaudreau, Barclay Goodrow, Nino Niederreiter, Victor Olofsson, Jeff Skinner, Drake Caggiula, Derek Ryan, Bobby Ryan, Zemgus Girgensons
Custom OT Lines Defensemen
Matt Niskanen, Brayden McNabb, John Marino, Olli Maatta, Matt Roy

Scratches
None


% Time on Ice - PHOENIX MUSTANGS

Lines # - Real PCT - Wanted PCT - Time Play
Normal Forward
1 - 35% - 36% - 16:23
2 - 29% - 31% - 13:53
3 - 24% - 25% - 11:14
4 - 13% - 8% - 5:56
Normal Defense
1 - 34% - 36% - 16:10
2 - 31% - 31% - 14:34
3 - 32% - 23% - 15:04
4 - 3% - 10% - 1:38
PP Forward
1 - 66% - 60% - 5:17
2 - 34% - 40% - 2:41
PP Defense
1 - 57% - 55% - 4:33
2 - 43% - 45% - 3:25
PK Forward
1 - 53% - 55% - 2:25
2 - 47% - 45% - 2:11
PK Defense
1 - 44% - 55% - 2:01
2 - 56% - 45% - 2:35
PK3 Forward
1 - 0% - 55%
2 - 0% - 45%
PK3 Defense
1 - 0% - 55%
2 - 0% - 45%
44 Forward
1 - 0% - 55%
2 - 0% - 45%
44 Defense
1 - 0% - 55%
2 - 0% - 45%
Last Minute Offensive  - 0:00
Last Minute Defensive  - 0:00
Total
Forward - 60:00
Defense - 60:00

% Time on Ice - LAS VEGAS LIZARD KINGS

Lines # - Real PCT - Wanted PCT - Time Play
Normal Forward
1 - 37% - 40% - 17:38
2 - 33% - 35% - 15:46
3 - 23% - 20% - 10:42
4 - 7% - 5% - 3:20
Normal Defense
1 - 40% - 45% - 19:06
2 - 35% - 35% - 16:29
3 - 23% - 20% - 11:02
4 - 2% - 0% - 0:49
PP Forward
1 - 52% - 80% - 2:24
2 - 48% - 20% - 2:12
PP Defense
1 - 58% - 80% - 2:41
2 - 42% - 20% - 1:55
PK Forward
1 - 90% - 70% - 7:11
2 - 10% - 30% - 0:47
PK Defense
1 - 63% - 65% - 5:01
2 - 37% - 35% - 2:57
PK3 Forward
1 - 0% - 55%
2 - 0% - 45%
PK3 Defense
1 - 0% - 55%
2 - 0% - 45%
44 Forward
1 - 0% - 55%
2 - 0% - 45%
44 Defense
1 - 0% - 55%
2 - 0% - 45%
Last Minute Offensive  - 0:00
Last Minute Defensive  - 0:00
Total
Forward - 60:00
Defense - 60:00

Play-by-Play

1st period


0:01 of 1st period - Ryan Nugent-Hopkins wins face-off versus Andrew Copp in neutral zone.
0:12 of 1st period - Shot by Johnny Gaudreau.
0:12 of 1st period - Stopped by Garret Sparks without a rebound.
0:13 of 1st period - Kevin Hayes wins face-off versus Sean Monahan in PHOENIX MUSTANGS zone.
0:13 of 1st period - Kevin Hayes is hit by Nino Niederreiter.
0:18 of 1st period - Off-side.
0:19 of 1st period - Derek Ryan wins face-off versus Christian Dvorak in neutral zone.
0:24 of 1st period - Shot by Jeff Skinner.
0:24 of 1st period - Stopped by Garret Sparks with a rebound.
0:27 of 1st period - Icing by Jordan Greenway.
0:28 of 1st period - Christian Dvorak wins face-off versus Sean Monahan in PHOENIX MUSTANGS zone.
2:19 of 1st period - Icing by Brayden McNabb.
2:20 of 1st period - Andrew Copp wins face-off versus Ryan Nugent-Hopkins in LAS VEGAS LIZARD KINGS zone.
2:22 of 1st period - Minor Penalty to Brayden McNabb for Interference.
2:23 of 1st period - Barclay Goodrow wins face-off versus Christian Dvorak in LAS VEGAS LIZARD KINGS zone.
2:44 of 1st period - Shot by Barclay Goodrow.
2:44 of 1st period - Deflect By Nino Niederreiter.
2:44 of 1st period - Stopped by Garret Sparks without a rebound.
2:45 of 1st period - Kevin Hayes wins face-off versus Barclay Goodrow in PHOENIX MUSTANGS zone.
2:56 of 1st period - Shot by Kevin Hayes.
2:56 of 1st period - Shot Misses the Net.
2:58 of 1st period - Shot by Kevin Hayes.
2:58 of 1st period - Shot Misses the Net.
3:00 of 1st period - Shot by Kevin Hayes.
3:00 of 1st period - Shot Blocked by Mirco Mueller.
3:02 of 1st period - Shot by Jesper Fast.
3:02 of 1st period - Stopped by Marc-Andre Fleury with a rebound.
3:04 of 1st period - Shot by Kevin Hayes.
3:04 of 1st period - Shot Misses the Net.
3:41 of 1st period - Icing by Jay Bouwmeester.
3:42 of 1st period - Derek Ryan wins face-off versus Christian Dvorak in PHOENIX MUSTANGS zone.
3:55 of 1st period - Olli Maatta is hit by Christian Dvorak and loses puck.
4:26 of 1st period - Off-side.
4:27 of 1st period - Johnny Gaudreau wins face-off versus Kevin Hayes in neutral zone.
4:29 of 1st period - Off-side.
4:30 of 1st period - Ryan Nugent-Hopkins wins face-off versus Clayton Keller in neutral zone.
4:37 of 1st period - Shot by Ryan Nugent-Hopkins.
4:37 of 1st period - Stopped by Garret Sparks without a rebound.
4:38 of 1st period - Andrew Copp wins face-off versus Ryan Nugent-Hopkins in PHOENIX MUSTANGS zone.
4:40 of 1st period - Icing by Teuvo Teravainen.
4:41 of 1st period - Derek Ryan wins face-off versus Andrew Copp in PHOENIX MUSTANGS zone.
4:42 of 1st period - Shot by Jeff Skinner.
4:42 of 1st period - Stopped by Garret Sparks with a rebound.
4:54 of 1st period - Shot by Jeff Skinner.
4:54 of 1st period - Shot Misses the Net.
5:08 of 1st period - Shot by Derek Ryan.
5:08 of 1st period - Shot Misses the Net.
5:10 of 1st period - Shot by Brayden McNabb.
5:10 of 1st period - Stopped by Garret Sparks with a rebound.
5:12 of 1st period - Shot by Brayden McNabb.
5:12 of 1st period - Stopped by Garret Sparks without a rebound.
5:13 of 1st period - Sean Monahan wins face-off versus Kevin Hayes in PHOENIX MUSTANGS zone.
5:18 of 1st period - Shot by Sean Monahan.
5:18 of 1st period - Shot Misses the Net.
5:26 of 1st period - Shot by Kevin Hayes.
5:26 of 1st period - Stopped by Marc-Andre Fleury without a rebound.
5:27 of 1st period - David Backes wins face-off versus Ryan Nugent-Hopkins in LAS VEGAS LIZARD KINGS zone.
5:33 of 1st period - Nicholas Shore is hit by Olli Maatta and loses puck.
5:56 of 1st period - Shot by Johnny Gaudreau.
5:56 of 1st period - Deflect By Victor Olofsson.
5:56 of 1st period - Stopped by Garret Sparks without a rebound.
5:57 of 1st period - Sean Monahan wins face-off versus Andrew Copp in PHOENIX MUSTANGS zone.
6:04 of 1st period - Shot by Nino Niederreiter.
6:04 of 1st period - Shot Misses the Net.
6:10 of 1st period - Shot by Barclay Goodrow.
6:10 of 1st period - Shot Misses the Net.
6:24 of 1st period - Shot by Barclay Goodrow.
6:24 of 1st period - Stopped by Garret Sparks without a rebound.
6:25 of 1st period - Kevin Hayes wins face-off versus Derek Ryan in PHOENIX MUSTANGS zone.
7:06 of 1st period - Shot by Kevin Hayes.
7:06 of 1st period - Shot Misses the Net.
7:26 of 1st period - Shot by Andrew Copp.
7:26 of 1st period - Stopped by Marc-Andre Fleury without a rebound.
7:27 of 1st period - Sean Monahan wins face-off versus Jordan Greenway in LAS VEGAS LIZARD KINGS zone.
7:44 of 1st period - Shot by Nino Niederreiter.
7:44 of 1st period - Shot Misses the Net.
8:39 of 1st period - Shot by T.J. Oshie.
8:39 of 1st period - Deflect By Teuvo Teravainen.
8:39 of 1st period - Stopped by Marc-Andre Fleury without a rebound.
8:40 of 1st period - Kevin Hayes wins face-off versus Zemgus Girgensons in LAS VEGAS LIZARD KINGS zone.
8:51 of 1st period - Shot by Clayton Keller.
8:51 of 1st period - Shot Misses the Net.
8:53 of 1st period - Shot by Clayton Keller.
8:53 of 1st period - Stopped by Marc-Andre Fleury without a rebound.
8:54 of 1st period - Ryan Nugent-Hopkins wins face-off versus Andrew Copp in LAS VEGAS LIZARD KINGS zone.
9:48 of 1st period - Ryan Nugent-Hopkins is hit by Jesper Fast and loses puck.
10:16 of 1st period - Shot by Jesper Fast.
10:16 of 1st period - Shot Misses the Net.
10:18 of 1st period - Shot by Jesper Fast.
10:18 of 1st period - Deflect By Kevin Hayes.
10:18 of 1st period - Stopped by Marc-Andre Fleury with a rebound.
10:33 of 1st period - Icing by Brayden McNabb.
10:34 of 1st period - Christian Dvorak wins face-off versus Sean Monahan in LAS VEGAS LIZARD KINGS zone.
11:26 of 1st period - Shot by T.J. Oshie.
11:26 of 1st period - Stopped by Marc-Andre Fleury with a rebound.
11:28 of 1st period - Shot by T.J. Oshie.
11:28 of 1st period - Deflect By Andrew Copp.
11:28 of 1st period - Stopped by Marc-Andre Fleury with a rebound.
12:00 of 1st period - Ryan Nugent-Hopkins is hit by T.J. Oshie.
12:01 of 1st period - Icing by Ryan Nugent-Hopkins.
12:02 of 1st period - Ryan Nugent-Hopkins wins face-off versus Kevin Hayes in LAS VEGAS LIZARD KINGS zone.
12:19 of 1st period - Shot by Johnny Gaudreau.
12:19 of 1st period - Shot Misses the Net.
13:17 of 1st period - Icing by Scott Harrington.
13:18 of 1st period - Zemgus Girgensons wins face-off versus Christian Dvorak in PHOENIX MUSTANGS zone.
13:40 of 1st period - Shot by Bobby Ryan.
13:40 of 1st period - Stopped by Garret Sparks without a rebound.
13:41 of 1st period - Derek Ryan wins face-off versus Andrew Copp in PHOENIX MUSTANGS zone.
13:51 of 1st period - Icing by Calvin De Haan.
13:52 of 1st period - Andrew Copp wins face-off versus Johnny Gaudreau in PHOENIX MUSTANGS zone.
14:07 of 1st period - Shot by Teuvo Teravainen.
14:07 of 1st period - Shot Misses the Net.
14:25 of 1st period - Shot by Teuvo Teravainen.
14:25 of 1st period - Stopped by Marc-Andre Fleury without a rebound.
14:26 of 1st period - Derek Ryan wins face-off versus David Backes in LAS VEGAS LIZARD KINGS zone.
14:26 of 1st period - Derek Ryan is hit by David Backes.
14:44 of 1st period - Derek Ryan is hit by Joshua Jacobs and loses puck.
14:50 of 1st period - Jeff Skinner is hit by Joshua Jacobs and loses puck.
14:57 of 1st period - Shot by Derek Ryan.
14:57 of 1st period - Shot Misses the Net.
15:16 of 1st period - Icing by Alexander Steen.
15:17 of 1st period - Ryan Nugent-Hopkins wins face-off versus David Backes in PHOENIX MUSTANGS zone.
15:21 of 1st period - Ryan Nugent-Hopkins is hit by Joshua Jacobs and loses puck.
15:40 of 1st period - Shot by Victor Olofsson.
15:40 of 1st period - Shot Misses the Net.
15:49 of 1st period - Off-side.
15:50 of 1st period - Andrew Copp wins face-off versus Sean Monahan in neutral zone.
16:11 of 1st period - Shot by Teuvo Teravainen.
16:11 of 1st period - Stopped by Marc-Andre Fleury with a rebound.
16:21 of 1st period - Shot by T.J. Oshie.
16:21 of 1st period - Shot Blocked by Olli Maatta.
16:55 of 1st period - Off-side.
16:56 of 1st period - Kevin Hayes wins face-off versus Ryan Nugent-Hopkins in neutral zone.
17:12 of 1st period - Icing by Kevin Hayes.
17:13 of 1st period - Kevin Hayes wins face-off versus Derek Ryan in PHOENIX MUSTANGS zone.
17:13 of 1st period - Kevin Hayes is hit by Drake Caggiula.
17:18 of 1st period - Off-side.
17:19 of 1st period - Andrew Copp wins face-off versus Ryan Nugent-Hopkins in neutral zone.
17:19 of 1st period - Teuvo Teravainen is hit by Johnny Gaudreau and loses puck.
17:23 of 1st period - Jay Bouwmeester is hit by Matt Niskanen and loses puck.
17:30 of 1st period - Shot by T.J. Oshie.
17:30 of 1st period - Stopped by Marc-Andre Fleury without a rebound.
17:31 of 1st period - Derek Ryan wins face-off versus Christian Dvorak in LAS VEGAS LIZARD KINGS zone.
18:08 of 1st period - Shot by Derek Ryan.
18:08 of 1st period - Shot Misses the Net.
18:46 of 1st period - Shot by Teuvo Teravainen.
18:46 of 1st period - Stopped by Marc-Andre Fleury without a rebound.
18:47 of 1st period - Sean Monahan wins face-off versus Kevin Hayes in LAS VEGAS LIZARD KINGS zone.
18:47 of 1st period - Sean Monahan is hit by Kevin Hayes.
19:00 of 1st period - Nino Niederreiter is hit by Joshua Jacobs and loses puck.
Goals for this period are 0 for PHOENIX MUSTANGS vs 0 for LAS VEGAS LIZARD KINGS.
Shots for this period are 12 for PHOENIX MUSTANGS vs 10 for LAS VEGAS LIZARD KINGS.

2nd period


0:01 of 2nd period - Andrew Copp wins face-off versus Ryan Nugent-Hopkins in neutral zone.
1:16 of 2nd period - Shot by Christian Dvorak.
1:16 of 2nd period - Stopped by Marc-Andre Fleury with a rebound.
1:47 of 2nd period - Shot by Kevin Hayes.
1:47 of 2nd period - Deflect By Jesper Fast.
1:47 of 2nd period - Stopped by Marc-Andre Fleury without a rebound.
1:48 of 2nd period - Derek Ryan wins face-off versus Kevin Hayes in LAS VEGAS LIZARD KINGS zone.
2:00 of 2nd period - Icing by Clayton Keller.
2:01 of 2nd period - Kevin Hayes wins face-off versus Zemgus Girgensons in PHOENIX MUSTANGS zone.
2:01 of 2nd period - Kevin Hayes is hit by Zemgus Girgensons.
2:34 of 2nd period - Minor Penalty to Matt Roy for Tripping.
2:35 of 2nd period - Barclay Goodrow wins face-off versus Christian Dvorak in LAS VEGAS LIZARD KINGS zone.
3:15 of 2nd period - Shot by Christian Dvorak.
3:15 of 2nd period - Stopped by Marc-Andre Fleury without a rebound.
3:16 of 2nd period - Barclay Goodrow wins face-off versus Kevin Hayes in LAS VEGAS LIZARD KINGS zone.
4:58 of 2nd period - Ryan Nugent-Hopkins is hit by Scott Harrington and loses puck.
5:17 of 2nd period - Victor Olofsson is hit by Scott Harrington and loses puck.
5:28 of 2nd period - Jay Bouwmeester is hit by Drake Caggiula and loses puck.
6:31 of 2nd period - Shot by Evan Rodrigues.
6:31 of 2nd period - Stopped by Garret Sparks without a rebound.
6:32 of 2nd period - Sean Monahan wins face-off versus Kevin Hayes in PHOENIX MUSTANGS zone.
6:53 of 2nd period - Icing by Joshua Jacobs.
6:54 of 2nd period - Kevin Hayes wins face-off versus Ryan Nugent-Hopkins in PHOENIX MUSTANGS zone.
6:59 of 2nd period - Johnny Gaudreau is hit by Jesper Fast and loses puck.
7:09 of 2nd period - Minor Penalty to Brayden McNabb for Slashing.
7:10 of 2nd period - Christian Dvorak wins face-off versus Nino Niederreiter in LAS VEGAS LIZARD KINGS zone.
7:11 of 2nd period - Shot by T.J. Oshie.
7:11 of 2nd period - Goal by T.J. Oshie - PHOENIX MUSTANGS : 1 - LAS VEGAS LIZARD KINGS : 0.
7:12 of 2nd period - Andrew Copp wins face-off versus Sean Monahan in neutral zone.
7:12 of 2nd period - Teuvo Teravainen is hit by Barclay Goodrow and loses puck.
7:21 of 2nd period - Icing by Mirco Mueller.
7:22 of 2nd period - Andrew Copp wins face-off versus Sean Monahan in LAS VEGAS LIZARD KINGS zone.
7:22 of 2nd period - Andrew Copp is hit by Mirco Mueller.
7:45 of 2nd period - Teuvo Teravainen is hit by Mirco Mueller and loses puck.
8:16 of 2nd period - Icing by Barclay Goodrow.
8:17 of 2nd period - Kevin Hayes wins face-off versus Barclay Goodrow in LAS VEGAS LIZARD KINGS zone.
8:20 of 2nd period - Shot by Jesper Fast.
8:20 of 2nd period - Stopped by Marc-Andre Fleury without a rebound.
8:21 of 2nd period - Christian Dvorak wins face-off versus Victor Olofsson in LAS VEGAS LIZARD KINGS zone.
8:31 of 2nd period - Shot by Jordan Greenway.
8:31 of 2nd period - Deflect By Christian Dvorak.
8:31 of 2nd period - Shot Misses the Net.
8:47 of 2nd period - Shot by Jordan Greenway.
8:47 of 2nd period - Stopped by Marc-Andre Fleury without a rebound.
8:48 of 2nd period - Kevin Hayes wins face-off versus Derek Ryan in LAS VEGAS LIZARD KINGS zone.
9:07 of 2nd period - Shot by Derek Ryan.
9:07 of 2nd period - Shot Blocked by Kevin Hayes.
9:14 of 2nd period - Jeff Skinner is hit by Joshua Jacobs and loses puck.
9:15 of 2nd period - Minor Penalty to Fredrik Claesson for Slashing.
9:16 of 2nd period - Sean Monahan wins face-off versus Teuvo Teravainen in PHOENIX MUSTANGS zone.
10:06 of 2nd period - Off-side.
10:07 of 2nd period - Barclay Goodrow wins face-off versus Teuvo Teravainen in neutral zone.
10:10 of 2nd period - Shot by Nino Niederreiter.
10:10 of 2nd period - Deflect By Jeff Skinner.
10:10 of 2nd period - Shot Misses the Net.
10:12 of 2nd period - Shot by Jeff Skinner.
10:12 of 2nd period - Stopped by Garret Sparks without a rebound.
10:13 of 2nd period - Barclay Goodrow wins face-off versus Teuvo Teravainen in PHOENIX MUSTANGS zone.
11:08 of 2nd period - Shot by Teuvo Teravainen.
11:08 of 2nd period - Shot Misses the Net.
11:10 of 2nd period - Shot by Teuvo Teravainen.
11:10 of 2nd period - Stopped by Marc-Andre Fleury without a rebound.
11:11 of 2nd period - Victor Olofsson wins face-off versus Teuvo Teravainen in LAS VEGAS LIZARD KINGS zone.
11:18 of 2nd period - Shot by Bobby Ryan.
11:18 of 2nd period - Shot Blocked by Alexander Steen.
12:37 of 2nd period - Shot by T.J. Oshie.
12:37 of 2nd period - Stopped by Marc-Andre Fleury without a rebound.
12:38 of 2nd period - Sean Monahan wins face-off versus Jesper Fast in LAS VEGAS LIZARD KINGS zone.
12:55 of 2nd period - Shot by Barclay Goodrow.
12:55 of 2nd period - Shot Blocked by Calvin De Haan.
12:57 of 2nd period - Shot by Barclay Goodrow.
12:57 of 2nd period - Shot Blocked by Kevin Hayes.
13:10 of 2nd period - Barclay Goodrow is hit by Calvin De Haan and loses puck.
13:18 of 2nd period - Nino Niederreiter is hit by Calvin De Haan and loses puck.
13:58 of 2nd period - Shot by Jeff Skinner.
13:58 of 2nd period - Stopped by Garret Sparks with a rebound.
14:00 of 2nd period - Shot by Jeff Skinner.
14:00 of 2nd period - Goal by Jeff Skinner - PHOENIX MUSTANGS : 1 - LAS VEGAS LIZARD KINGS : 1.
14:01 of 2nd period - Andrew Copp wins face-off versus Ryan Nugent-Hopkins in neutral zone.
14:14 of 2nd period - Shot by Andrew Copp.
14:14 of 2nd period - Shot Misses the Net.
14:58 of 2nd period - Brayden McNabb is hit by Christian Dvorak and loses puck.
15:21 of 2nd period - Shot by Nino Niederreiter.
15:21 of 2nd period - Shot Misses the Net.
15:23 of 2nd period - Shot by Barclay Goodrow.
15:23 of 2nd period - Shot Misses the Net.
15:25 of 2nd period - Shot by Nino Niederreiter.
15:25 of 2nd period - Stopped by Garret Sparks with a rebound.
15:27 of 2nd period - Shot by Barclay Goodrow.
15:27 of 2nd period - Stopped by Garret Sparks without a rebound.
15:28 of 2nd period - Derek Ryan wins face-off versus David Backes in PHOENIX MUSTANGS zone.
15:51 of 2nd period - Shot by Drake Caggiula.
15:51 of 2nd period - Shot Misses the Net.
15:53 of 2nd period - Shot by Derek Ryan.
15:53 of 2nd period - Stopped by Garret Sparks with a rebound.
15:55 of 2nd period - Shot by Mirco Mueller.
15:55 of 2nd period - Deflect By Jeff Skinner.
15:55 of 2nd period - Goal by Jeff Skinner - PHOENIX MUSTANGS : 1 - LAS VEGAS LIZARD KINGS : 2.
15:56 of 2nd period - Andrew Copp wins face-off versus Sean Monahan in neutral zone.
16:12 of 2nd period - Minor Penalty to Barclay Goodrow for Hooking.
16:13 of 2nd period - Bobby Ryan wins face-off versus Christian Dvorak in LAS VEGAS LIZARD KINGS zone.
16:42 of 2nd period - Icing by Christian Dvorak.
16:43 of 2nd period - Christian Dvorak wins face-off versus Bobby Ryan in PHOENIX MUSTANGS zone.
16:48 of 2nd period - Shot by T.J. Oshie.
16:48 of 2nd period - Stopped by Marc-Andre Fleury without a rebound.
16:49 of 2nd period - Kevin Hayes wins face-off versus Bobby Ryan in LAS VEGAS LIZARD KINGS zone.
16:50 of 2nd period - Shot by Jesper Fast.
16:50 of 2nd period - Shot Misses the Net.
16:54 of 2nd period - Shot by Kevin Hayes.
16:54 of 2nd period - Stopped by Marc-Andre Fleury with a rebound.
17:02 of 2nd period - Shot by Kevin Hayes.
17:02 of 2nd period - Shot Misses the Net.
17:04 of 2nd period - Shot by Calvin De Haan.
17:04 of 2nd period - Stopped by Marc-Andre Fleury without a rebound.
17:05 of 2nd period - Christian Dvorak wins face-off versus Bobby Ryan in LAS VEGAS LIZARD KINGS zone.
17:38 of 2nd period - Icing by Jay Bouwmeester.
17:39 of 2nd period - Christian Dvorak wins face-off versus Bobby Ryan in PHOENIX MUSTANGS zone.
18:19 of 2nd period - Off-side.
18:20 of 2nd period - Ryan Nugent-Hopkins wins face-off versus Kevin Hayes in neutral zone.
18:45 of 2nd period - Icing by Brayden McNabb.
18:46 of 2nd period - Ryan Nugent-Hopkins wins face-off versus David Backes in LAS VEGAS LIZARD KINGS zone.
19:03 of 2nd period - Shot by Ryan Nugent-Hopkins.
19:03 of 2nd period - Stopped by Garret Sparks without a rebound.
19:04 of 2nd period - Sean Monahan wins face-off versus Andrew Copp in PHOENIX MUSTANGS zone.
19:22 of 2nd period - Icing by John Marino.
19:23 of 2nd period - Christian Dvorak wins face-off versus Sean Monahan in LAS VEGAS LIZARD KINGS zone.
19:52 of 2nd period - Shot by Nino Niederreiter.
19:52 of 2nd period - Goal by Nino Niederreiter - PHOENIX MUSTANGS : 1 - LAS VEGAS LIZARD KINGS : 3.
19:53 of 2nd period - Andrew Copp wins face-off versus Ryan Nugent-Hopkins in neutral zone.
19:53 of 2nd period - Andrew Copp is hit by Johnny Gaudreau.
19:57 of 2nd period - Shot by Teuvo Teravainen.
19:57 of 2nd period - Shot Misses the Net.
Goals for this period are 1 for PHOENIX MUSTANGS vs 3 for LAS VEGAS LIZARD KINGS.
Shots for this period are 11 for PHOENIX MUSTANGS vs 10 for LAS VEGAS LIZARD KINGS.

3rd period


0:01 of 3rd period - Ryan Nugent-Hopkins wins face-off versus Andrew Copp in neutral zone.
0:10 of 3rd period - Shot by Ryan Nugent-Hopkins.
0:10 of 3rd period - Stopped by Garret Sparks with a rebound.
0:12 of 3rd period - Shot by Brayden McNabb.
0:12 of 3rd period - Stopped by Garret Sparks without a rebound.
0:13 of 3rd period - Sean Monahan wins face-off versus Christian Dvorak in PHOENIX MUSTANGS zone.
0:45 of 3rd period - Off-side.
0:46 of 3rd period - Andrew Copp wins face-off versus Ryan Nugent-Hopkins in neutral zone.
0:55 of 3rd period - Shot by Teuvo Teravainen.
0:55 of 3rd period - Stopped by Marc-Andre Fleury without a rebound.
0:56 of 3rd period - T.J. Oshie wins face-off versus Ryan Nugent-Hopkins in LAS VEGAS LIZARD KINGS zone.
1:23 of 3rd period - Icing by Jay Bouwmeester.
1:24 of 3rd period - Sean Monahan wins face-off versus Andrew Copp in PHOENIX MUSTANGS zone.
1:41 of 3rd period - Shot by T.J. Oshie.
1:41 of 3rd period - Stopped by Marc-Andre Fleury with a rebound.
1:43 of 3rd period - Shot by Teuvo Teravainen.
1:43 of 3rd period - Stopped by Marc-Andre Fleury without a rebound.
1:44 of 3rd period - Christian Dvorak wins face-off versus Johnny Gaudreau in LAS VEGAS LIZARD KINGS zone.
1:46 of 3rd period - Alexander Steen is hit by Matt Niskanen and loses puck.
2:12 of 3rd period - Johnny Gaudreau is hit by Calvin De Haan and loses puck.
2:53 of 3rd period - Shot by Clayton Keller.
2:53 of 3rd period - Shot Blocked by Brayden McNabb.
3:06 of 3rd period - Icing by Fredrik Claesson.
3:07 of 3rd period - Kevin Hayes wins face-off versus Sean Monahan in PHOENIX MUSTANGS zone.
3:43 of 3rd period - Shot by Sean Monahan.
3:43 of 3rd period - Stopped by Garret Sparks without a rebound.
3:44 of 3rd period - Derek Ryan wins face-off versus Christian Dvorak in PHOENIX MUSTANGS zone.
4:16 of 3rd period - Icing by Mirco Mueller.
4:17 of 3rd period - Derek Ryan wins face-off versus Andrew Copp in LAS VEGAS LIZARD KINGS zone.
5:03 of 3rd period - Shot by Ryan Nugent-Hopkins.
5:03 of 3rd period - Deflect By Victor Olofsson.
5:03 of 3rd period - Shot Misses the Net.
5:13 of 3rd period - Shot by Victor Olofsson.
5:13 of 3rd period - Shot Misses the Net.
5:24 of 3rd period - Johnny Gaudreau is hit by Scott Harrington and loses puck.
5:46 of 3rd period - Minor Penalty to Scott Harrington for Tripping.
5:47 of 3rd period - Christian Dvorak wins face-off versus Nino Niederreiter in PHOENIX MUSTANGS zone.
5:47 of 3rd period - Christian Dvorak is hit by Barclay Goodrow.
5:54 of 3rd period - Icing by Nino Niederreiter.
5:55 of 3rd period - Barclay Goodrow wins face-off versus Christian Dvorak in LAS VEGAS LIZARD KINGS zone.
8:00 of 3rd period - Alexander Steen is hit by Zemgus Girgensons and loses puck.
9:08 of 3rd period - Off-side.
9:09 of 3rd period - Sean Monahan wins face-off versus Kevin Hayes in neutral zone.
9:20 of 3rd period - Shot by Jesper Fast.
9:20 of 3rd period - Shot Blocked by Sean Monahan.
9:23 of 3rd period - Icing by Barclay Goodrow.
9:24 of 3rd period - Christian Dvorak wins face-off versus Sean Monahan in LAS VEGAS LIZARD KINGS zone.
9:43 of 3rd period - Shot by Christian Dvorak.
9:43 of 3rd period - Shot Blocked by Mirco Mueller.
9:45 of 3rd period - Shot by Jordan Greenway.
9:45 of 3rd period - Stopped by Marc-Andre Fleury without a rebound.
9:46 of 3rd period - Ryan Nugent-Hopkins wins face-off versus Kevin Hayes in LAS VEGAS LIZARD KINGS zone.
9:55 of 3rd period - Shot by Clayton Keller.
9:55 of 3rd period - Shot Misses the Net.
9:58 of 3rd period - Minor Penalty to Victor Olofsson for Hooking.
9:59 of 3rd period - Nino Niederreiter wins face-off versus Christian Dvorak in LAS VEGAS LIZARD KINGS zone.
9:59 of 3rd period - Nino Niederreiter is hit by Christian Dvorak.
11:55 of 3rd period - Off-side.
11:56 of 3rd period - Christian Dvorak wins face-off versus Barclay Goodrow in neutral zone.
11:59 of 3rd period - Mirco Mueller is hit by David Backes and loses puck.
12:13 of 3rd period - Off-side.
12:14 of 3rd period - Andrew Copp wins face-off versus Derek Ryan in neutral zone.
13:11 of 3rd period - Icing by T.J. Oshie.
13:12 of 3rd period - Andrew Copp wins face-off versus Nino Niederreiter in PHOENIX MUSTANGS zone.
13:23 of 3rd period - T.J. Oshie is hit by Barclay Goodrow.
14:26 of 3rd period - Icing by Jesper Fast.
14:27 of 3rd period - Derek Ryan wins face-off versus Kevin Hayes in PHOENIX MUSTANGS zone.
15:49 of 3rd period - Off-side.
15:50 of 3rd period - Andrew Copp wins face-off versus Sean Monahan in neutral zone.
16:07 of 3rd period - Shot by T.J. Oshie.
16:07 of 3rd period - Stopped by Marc-Andre Fleury without a rebound.
16:08 of 3rd period - Ryan Nugent-Hopkins wins face-off versus Teuvo Teravainen in LAS VEGAS LIZARD KINGS zone.
16:39 of 3rd period - Shot by Ryan Nugent-Hopkins.
16:39 of 3rd period - Stopped by Garret Sparks without a rebound.
16:40 of 3rd period - Sean Monahan wins face-off versus Kevin Hayes in PHOENIX MUSTANGS zone.
16:42 of 3rd period - Nino Niederreiter is hit by Scott Harrington and loses puck.
16:53 of 3rd period - Shot by Jesper Fast.
16:53 of 3rd period - Shot Blocked by John Marino.
17:02 of 3rd period - Icing by Olli Maatta.
17:03 of 3rd period - Sean Monahan wins face-off versus Christian Dvorak in LAS VEGAS LIZARD KINGS zone.
17:30 of 3rd period - Shot by Nino Niederreiter.
17:30 of 3rd period - Shot Misses the Net.
17:34 of 3rd period - Shot by Sean Monahan.
17:34 of 3rd period - Shot Misses the Net.
17:50 of 3rd period - Shot by Ryan Nugent-Hopkins.
17:50 of 3rd period - Shot Misses the Net.
17:56 of 3rd period - Shot by Ryan Nugent-Hopkins.
17:56 of 3rd period - Shot Blocked by Fredrik Claesson.
18:08 of 3rd period - Shot by Victor Olofsson.
18:08 of 3rd period - Shot Blocked by Jordan Greenway.
18:12 of 3rd period - Shot by Johnny Gaudreau.
18:12 of 3rd period - Shot Misses the Net.
18:18 of 3rd period - Shot by Ryan Nugent-Hopkins.
18:18 of 3rd period - Stopped by Garret Sparks with a rebound.
18:20 of 3rd period - Shot by Matt Niskanen.
18:20 of 3rd period - Stopped by Garret Sparks without a rebound.
18:21 of 3rd period - Kevin Hayes wins face-off versus Derek Ryan in PHOENIX MUSTANGS zone.
18:21 of 3rd period - Kevin Hayes is hit by Drake Caggiula.
18:33 of 3rd period - Shot by Kevin Hayes.
18:33 of 3rd period - Stopped by Marc-Andre Fleury with a rebound.
18:35 of 3rd period - Shot by Jay Bouwmeester.
18:35 of 3rd period - Shot Misses the Net.
18:59 of 3rd period - Shot by Kevin Hayes.
18:59 of 3rd period - Stopped by Marc-Andre Fleury without a rebound.
19:00 of 3rd period - Andrew Copp wins face-off versus Sean Monahan in LAS VEGAS LIZARD KINGS zone.
19:21 of 3rd period - Minor Penalty to T.J. Oshie for High sticking.
19:22 of 3rd period - Teuvo Teravainen wins face-off versus Victor Olofsson in PHOENIX MUSTANGS zone.
19:49 of 3rd period - Shot by Johnny Gaudreau.
19:49 of 3rd period - Shot Misses the Net.
19:51 of 3rd period - Shot by John Marino.
19:51 of 3rd period - Shot Blocked by Calvin De Haan.
19:53 of 3rd period - Shot by Sean Monahan.
19:53 of 3rd period - Shot Blocked by Calvin De Haan.
19:55 of 3rd period - Shot by John Marino.
19:55 of 3rd period - Shot Misses the Net.
19:57 of 3rd period - Shot by Ryan Nugent-Hopkins.
19:57 of 3rd period - Shot Blocked by Kevin Hayes.
19:59 of 3rd period - Shot by Sean Monahan.
19:59 of 3rd period - Deflect By Ryan Nugent-Hopkins.
19:59 of 3rd period - Shot Misses the Net.
Goals for this period are 0 for PHOENIX MUSTANGS vs 0 for LAS VEGAS LIZARD KINGS.
Shots for this period are 7 for PHOENIX MUSTANGS vs 6 for LAS VEGAS LIZARD KINGS.


DARCY
KUEMPER
JAKE
OETTINGER
NINO
NIEDERREITER

EAST COAST

HOCKEY LEAGUE

  • 1.CHI2QUE4
  • 2.LIM2CHA3
  • 3.LON3TRV5
  • 4.BAL5CHW6
  • 5.MANPIT
  • 6.NHWATL
  • 7.PETWOR
  • 8.RHI